 Dungeon Crawl Stone Soup version 0.30-a0-331-g8ab09dc110 (webtiles) character file.

Game seed: 17983668049933064660

1451014 Lobster4 the Shatterer (level 27, 171/217 (222) HPs)
             Began as a Gnoll Wanderer on Oct 29, 2022.
             Was the Champion of Fedhas.
             Escaped with the Orb
             ... and 3 runes on Oct 30, 2022!
             The game lasted 09:22:19 (94703 turns).

Lobster4 the Shatterer (Gnoll Wanderer)            Turns: 94703, Time: 09:22:19

HP:   171/217 (222) AC: 19    Str: 15    XL:     27
MP:   46/46         EV: 29    Int: 28    God:    Fedhas [******]
Gold: 5177          SH: 19    Dex: 26    Spells: 3/64 levels left

rFire   + + +      SeeInvis +    P - +7 short sword of Doos {spect, Str+2 Int+6 Stlth-}
rCold   + + .      Faith    +    y - +2 kite shield {reflect}
rNeg    + . .      Spirit   .    v - +1 troll leather armour "Muicypp" {rC+ Regen+}
rPois   +          Reflect  +    b - +2 hat {SInv}
rElec   +          Harm     .    k - +2 cloak of Qekas {rPois Str+2 Dex+4}
rCorr   +          Rampage  .    p - +2 pair of gloves
Will    ++++.                    x - +1 pair of boots of Spite {Int+4}
Stlth   +++.......               G - amulet "Hoinlye" {Faith rElec Will+ rCorr Dex-3}
HPRegen 1.36/turn                Q - ring of Ignis's Brutal Revenge {rF+ rC+ rN+ Will+ Dex+2}
MPRegen 0.30/turn                t - ring "Gumnyol" {rF++ Str-4 Dex+7 Slay+4}

@: studying 2 skills, lightly drained
A: fangs 1, strong nose, distributed training, clumsy 1, deformed body, strong 1
0: Orb of Zot
}: 3/15 runes: decaying, silver, gossamer
a: Renounce Religion, Wall of Briars, Grow Ballistomycete, Overgrow, Grow Oklob


You escaped.
You worshipped Fedhas.
Fedhas was exalted by your worship.
You visited 11 branches of the dungeon, and saw 51 of its levels.
You also visited: Gauntlet.

You collected 10177 gold pieces.
You spent 5000 gold pieces at shops.

Inventory:

Hand Weapons
 a - the +8 Vampire's Tooth {vamp}
   (You bought it in a shop on level 2 of the Orcish Mines)

   It occasionally heals its wielder for the full amount of damage dealt when it
   wounds a living foe.
 N - a +6 vorpal dagger
 P - the +7 short sword of Doos (weapon) {spect, Str+2 Int+6 Stlth-}
   (You bought it in a shop on level 2 of the Orcish Mines)

   When its wielder attacks, the weapon's spirit leaps out and strikes again.
   The spirit shares a part of any damage it takes with its wielder.
   Str:       It affects your strength (+2).
   Int:       It affects your intelligence (+6).
   Stlth:     It makes you less stealthy.
Missiles
 r - 2 silver boomerangs
 C - 50 poisoned darts
 V - 9 silver javelins
 X - 11 javelins (quivered)
Armour
 b - a +2 hat of see invisible (worn)
 k - the +2 cloak of Qekas (worn) {rPois Str+2 Dex+4}
   (You acquired it on level 5 of the Dungeon)

   Str:       It affects your strength (+2).
   Dex:       It affects your dexterity (+4).
   rPois:     It protects you from poison.
 p - a +2 pair of gloves (worn)
 v - the +1 troll leather armour "Muicypp" (worn) {rC+ Regen+}
   (You took it off a deep elf blademaster on level 3 of the Elven Halls)

   rC:        It protects you from cold.
   Regen:     It increases your rate of health regeneration.
 x - the +1 pair of boots of Spite (worn) {Int+4}
   (You found it on level 3 of the Elven Halls)

   Int:       It affects your intelligence (+4).
 y - a +2 kite shield of reflection (worn)
Jewellery
 t - the ring "Gumnyol" (right hand) {rF++ Str-4 Dex+7 Slay+4}
   (You found it on level 4 of the Dungeon)

   [ring of slaying]

   Str:       It affects your strength (-4).
   Dex:       It affects your dexterity (+7).
   Slay:      It affects your accuracy & damage with ranged weapons and melee
   (+4).
   rF:        It greatly protects you from fire.
 w - a ring of flight
 G - the amulet "Hoinlye" (around neck) {Faith rElec Will+ rCorr Dex-3}
   (You bought it in a shop on level 3 of the Depths)

   [amulet of faith]

   It allows you to gain divine favour quickly.
   Dex:       It affects your dexterity (-3).
   rElec:     It insulates you from electricity.
   rCorr:     It protects you from acid and corrosion.
   Will:      It increases your willpower.
 O - the ring "Cufilac" {rN+ AC+4 Int+3 Stlth+}
   (You bought it in a shop on level 2 of the Vaults)

   [ring of protection]

   AC:        It affects your AC (+4).
   Int:       It affects your intelligence (+3).
   rN:        It protects you from negative energy.
   Stlth:     It makes you more stealthy.
 Q - the ring of Ignis's Brutal Revenge (left hand) {rF+ rC+ rN+ Will+ Dex+2}
   (You found it on level 3 of the Crypt)

   [ring of positive energy]

   Dex:       It affects your dexterity (+2).
   rF:        It protects you from fire.
   rC:        It protects you from cold.
   rN:        It protects you from negative energy.
   Will:      It increases your willpower.
Wands
 i - a wand of iceblast (49)
 m - a wand of charming (32)
 z - a wand of light (6)
 U - a wand of mindburst (28)
 Y - a wand of digging (2)
Scrolls
 e - a scroll of blinking
 f - 3 scrolls of enchant weapon
 j - 10 scrolls of fear
 n - 19 scrolls of teleportation
 B - 7 scrolls of magic mapping
 D - 5 scrolls of enchant armour
 E - 9 scrolls of poison
 F - 3 scrolls of silence
 H - 8 scrolls of immolation
 R - a scroll of butterflies
 S - a scroll of brand weapon
 Z - a scroll of summoning
Potions
 c - 5 potions of cancellation
 d - 11 potions of lignification
 g - 5 potions of heal wounds
 l - 4 potions of haste
 o - a potion of mutation
 q - 3 potions of might
 s - 5 potions of invisibility
 u - a potion of resistance
 A - 8 potions of brilliance
 I - 19 potions of curing
 J - 2 potions of berserk rage
 K - 3 potions of magic
 M - 4 potions of ambrosia
Miscellaneous
 h - a lightning rod (4/4)
 L - a phantom mirror
 T - a condenser vane
 W - a tin of tremorstones (2/2)


   Skills:
 + Level 19.3 Fighting
 + Level 19.1 Short Blades
 + Level 19.1 Long Blades
 + Level 19.1 Axes
 + Level 23.6 Maces & Flails
 + Level 19.1 Polearms
 + Level 19.1 Staves
 + Level 19.1 Ranged Weapons
 + Level 20.0 Throwing
 + Level 19.1 Armour
 + Level 19.1 Dodging
 + Level 20.4 Stealth
 + Level 19.1 Shields
 + Level 19.1 Unarmed Combat
 + Level 19.3 Spellcasting
 + Level 16.3 Conjurations
 + Level 16.3 Hexes
 + Level 16.4 Summonings
 + Level 16.3 Necromancy
 + Level 16.3 Translocations
 + Level 16.3 Transmutations
 + Level 16.3 Fire Magic
 + Level 16.3 Ice Magic
 + Level 16.3 Air Magic
 + Level 16.3 Earth Magic
 + Level 17.1 Poison Magic
 + Level 20.7 Invocations
 + Level 19.1 Evocations


You had 3 spell levels left.
You knew the following spells:

 Your Spells              Type           Power      Damage    Failure   Level
a - Summon Small Mammal   Summ           100%       N/A       0%          1
b - Sandblast             Erth           100%       2d20      0%          1
c - Stone Arrow           Conj/Erth      100%       3d13      0%          3
d - Frozen Ramparts       Ice            100%       1d16      0%          3
e - Ozocubu's Armour      Ice            87%        N/A       0%          3
f - Fireball              Conj/Fire      43%        3d17      1%          5
g - Poisonous Vapours     Pois/Air       100%       N/A       0%          2
h - Olgreb's Toxic Radia  Pois           89%        N/A       1%          4
i - Mephitic Cloud        Conj/Pois/Air  88%        N/A       0%          3
j - Sticky Flame          Conj/Fire      87%        2d10      1%          4
k - Manifold Assault      Tloc           87%        N/A       1%          4
l - Summon Lightning Spi  Summ/Air       87%        N/A       1%          4
m - Summon Forest         Summ/Tloc      43%        N/A       1%          5
n - Necrotise             Necr           100%       1d9       0%          1
o - Passwall              Tmut/Erth      72%        N/A       0%          2
p - Summon Ice Beast      Ice/Summ       87%        N/A       1%          4
q - Blink                 Tloc           100%       N/A       0%          2
r - Teleport Other        Tloc           87%        N/A       0%          3
s - Summon Hydra          Summ           44%        N/A       2%          7

Your spell library contained the following spells:

 Spells                   Type           Power      Damage    Failure   Level
 Apportation              Tloc           100%       N/A       0%          1
 Beastly Appendage        Tmut           100%       N/A       0%          1
 Foxfire                  Conj/Fire      100%       2x1d9     0%          1
 Kiss of Death            Conj/Necr      100%       2d13      0%          1
 Magic Dart               Conj           100%       1d8       0%          1
 Slow                     Hex            100%       N/A       0%          1
 Sting                    Tmut/Pois      100%       1d8       0%          1
 Call Imp                 Summ           88%        N/A       0%          2
 Static Discharge         Conj/Air       100%       2-7/arc   0%          2
 Sublimation of Blood     Necr           87%        N/A       0%          2
 Wereblood                Tmut           87%        N/A       0%          2
 Call Canine Familiar     Summ           88%        N/A       0%          3
 Confusing Touch          Hex            87%        N/A       0%          3
 Gell's Gravitas          Tloc           87%        N/A       0%          3
 Ignite Poison            Fire/Tmut/Pois 88%        N/A       0%          3
 Inner Flame              Hex/Fire       87%        N/A       0%          3
 Kindle Blastsparks       Fire/Tloc/Air  100%       2d18      0%          3
 Lesser Beckoning         Tloc           100%       N/A       0%          3
 Portal Projectile        Hex/Tloc       100%       N/A       0%          3
 Spider Form              Tmut/Pois      88%        N/A       0%          3
 Summon Guardian Golem    Hex/Summ       87%        N/A       0%          3
 Tukima's Dance           Hex            87%        N/A       0%          3
 Vampiric Draining        Necr           87%        2d12      0%          3
 Vhi's Electric Charge    Tloc/Air       100%       N/A       0%          3
 Airstrike                Air            43%        2d(7-23)  1%          4
 Anguish                  Hex/Necr       43%        N/A       1%          4
 Animate Armour           Summ/Erth      100%       N/A       1%          4
 Animate Dead             Necr           87%        N/A       1%          4
 Cause Fear               Hex            43%        N/A       1%          4
 Flame Wave               Conj/Fire      87%        2d19      1%          4
 Fulminant Prism          Conj/Hex       43%        3d19      1%          4
 Ice Form                 Ice/Tmut       87%        N/A       1%          4
 Iskenderun's Mystic Bla  Conj/Tloc      87%        2d17      1%          4
 Leda's Liquefaction      Hex/Erth       43%        N/A       1%          4
 Petrify                  Tmut/Erth      87%        N/A       1%          4
 Agony                    Necr           87%        N/A       1%          5
 Arcjolt                  Conj/Air       43%        1d53      1%          5
 Blade Hands              Tmut           43%        N/A       1%          5
 Borgnjor's Vile Clutch   Necr/Erth      43%        N/A       1%          5
 Irradiate                Conj/Tmut      43%        3d26      1%          5
 Lee's Rapid Deconstruct  Erth           43%        3d21*     1%          5
 Lightning Bolt           Conj/Air       43%        1d63      1%          5
 Metabolic Englaciation   Hex/Ice        43%        N/A       1%          5
 Summon Mana Viper        Hex/Summ       87%        N/A       1%          5
 Conjure Ball Lightning   Conj/Air       43%        3x3d15    1%          6
 Death Channel            Necr           43%        N/A       1%          6
 Dispersal                Tloc           43%        N/A       1%          6
 Iron Shot                Conj/Erth      43%        9d8       1%          6
 Simulacrum               Ice/Necr       43%        N/A       1%          6
 Starburst                Conj/Fire      43%        6d12      1%          6
 Statue Form              Tmut/Erth      58%        N/A       1%          6
 Summon Cactus Giant      Summ           44%        N/A       1%          6
 Dragon Form              Tmut           43%        N/A       2%          7
 Enfeeble                 Hex            43%        N/A       2%          7
 Haunt                    Necr/Summ      43%        N/A       2%          7
 Malign Gateway           Summ/Tloc      43%        N/A       2%          7
 Ozocubu's Refrigeration  Ice            43%        4d17      2%          7
 Storm Form               Tmut/Air       43%        N/A       2%          7
 Summon Horrible Things   Summ           44%        N/A       19%         8
 Discord                  Hex            43%        N/A       21%         8
 Disjunction              Tloc           43%        N/A       21%         8
 Ignition                 Fire           43%        3d13      21%         8
 Infestation              Necr           43%        N/A       21%         8
 Lehudib's Crystal Spear  Conj/Erth      43%        10d11     21%         8
 Maxwell's Capacitive Co  Air            43%        ∞         21%         8


Dungeon Overview and Level Annotations

Branches:
Dungeon (15/15)            Temple (1/1) D:7            Lair (5/5) D:8
  Swamp (4/4) Lair:3       Spider (4/4) Lair:2        Slime (0/5) Lair:4
    Orc (2/2) D:10            Elf (3/3) Orc:2        Vaults (5/5) D:14
  Crypt (3/3) Vaults:2       Tomb (0/3) Crypt:3      Depths (4/4) D:15
    Zot (5/5) Depths:4    Gauntlet (visited)

Altars:
Ashenzari
Cheibriados
Dithmenos
Elyvilon
Fedhas
Gozag
Hepliaklqana
Kikubaaqudgha
Makhleb
Nemelex Xobeh
Okawaru
Qazlal
Ru
Sif Muna
Trog
Uskayaw
Vehumet
Wu Jian
Xom
Yredelemnul
Zin
The Shining One
Jiyva

Shops:
D:2 [**(   D:5 *   D:10 (   Orc:2 (?***   Vaults:1 [   Vaults:2 =   Depths:1 **
Depths:3 ::=

Portals:
Hell: Depths:1 Depths:2 Depths:3 Depths:4
Abyss: Depths:1 Depths:3
Pandemonium: Depths:2
Ziggurat: Depths:2
Trove: D:14 (give +6 fire dragon scales)

Annotations:
Crypt:2 Mennas
Depths:2 exclusion: shining eye
Zot:2 2 transporters, 1 runed translucent door, Nurghysux's ghost, veteran MiBe
Zot:5 4 transporters


Innate Abilities, Weirdness & Mutations

You have very sharp teeth.
Your uncanny sense of smell can sniff out nearby items.
Your experience applies equally to all skills.
You are clumsy. (Dex -2)
Armour fits poorly on your strangely shaped body.
Your muscles are strong. (Str +4, Int/Dex -1)


Message History

The green death misses you.
You puncture the green death!
The green death is almost dead.
Your +7 short sword of Doos {spect, Str+2 Int+6 Stlth-} hits the green death!
You puncture the green death!
You kill the green death!
Fedhas accepts your kill.
A balrug comes into view.
It is wielding a +2 demon whip of venom.
The balrug shouts!
A sun demon comes into view.
There is an escape hatch in the ceiling here.
A mysterious force pulls you upwards. The hatch slams shut behind you.
There is a stone staircase leading up here.
You climb upwards.
There is a stone staircase leading down here.
You see here a +0 dagger.
There is a stone staircase leading up here.
You climb upwards.
There is a stone staircase leading down here.
There is a stone staircase leading up here.
You see here a +0 short sword.
You climb upwards.
There is a stone staircase leading down here.
There is an open door here.
There is a stone staircase leading up here.
You climb upwards.
There is a stone staircase leading down here.
You see here a +0 dagger.
A hellion comes into view.
There is an open door here.
You open the door.
There is an open door here.
The hellion gestures at you.
The sphere of damnation explodes!
The damnation engulfs you! The hellion gestures at you.
The sphere of damnation explodes!
The damnation engulfs you!! The hellion gestures at you.
The sphere of damnation explodes!
The damnation engulfs you!!
There is a staircase leading out of the dungeon here.
You have escaped!

######.# #........# #
#.#####........####### #
#....##.#########....#
####.##.# #.##.# #.##.#
#.##.# ########'##.#######
#.##.# #...........#.....#
#.##.#
#...........#.....###.##.#
#.........2.'..@..'...##.#
#...........#.....###.#..#
#..........>#.....# #.#.##
#...........#######
#.#.#### #.......)...#
#.#....# ###########.#
#.####.# #.# #.# #.# #.#
#.# #.##### #.# #.#
#...).#


You could see a hellion.

Vanquished Creatures
  2 dread liches (Zot:5)
  3 ancient liches
  6 orbs of fire
  A juggernaut (Depths:3)
  Mara (Vaults:4)
  Parghit (Depths:4)
  Boris (twice) (Depths:3 Crypt:2)
  4 Killer Klowns
  A curse toe (Zot:5)
  11 golden dragons
  3 electric golems (Zot:5)
  A shard shrike zombie (Crypt:2)
  Rupert (Orc:2)
  7 liches
  20 tentacled monstrosities
  19 Orb Guardians (Zot:5)
  3 deep elf blademasters
  Asterion (Elf:2)
  4 titans (Vaults:5)
  5 quicksilver dragons
  2 deep elf master archers (Elf:3)
  4 ancient champions
  9 sphinxes
  8 tengu reavers
  6 death cobs
  12 shadow dragons
  Kirke (D:12)
  20 storm dragons
  2 revenants (Crypt:1)
  Roxanne (Spider:1)
  Donald (Vaults:3)
  2 draconian monks
  3 fenstrider witches
  6 fire giants
  8 frost giants
  2 draconian knights (Zot:3)
  22 vault wardens
  4 deep elf sorcerers
  3 iron dragons
  2 emperor scorpions (Spider:4)
  13 ironbound preservers
  2 curse skulls
  5 ghost moths
  5 draconian scorchers
  8 draconian annihilators
  2 ghouls (Crypt:2)
  2 orc warlords (Vaults:4)
  A draconian stormcaller (Depths:4)
  2 draconian shifters
  3 deep elf elementalists
  The ghost of OstrichLN the Fencer, a journeyman MiFi of the Shining One (Lair:4)
  2 broodmothers (Spider:4)
  3 war gargoyles
  2 reapers
  A juggernaut skeleton (Depths:1)
  36 very ugly things
  3 eleionomae
  4 ironbound thunderhulks
  7 deep elf demonologists
  11 stone giants
  12 green draconians
  The ghost of glaedl the Fighter, a journeyman GrBe of Trog (Orc:2)
  8 deep elf annihilators
  10 red draconians
  9 white draconians
  9 black draconians
  9 spark wasps
  3 bunyips
  12 dire elephants
  A minotaur (Gauntlet)
  4 vampire knights
  9 yellow draconians
  3 eidola
  7 purple draconians
  3 crystal guardians
  A quicksilver dragon zombie (Crypt:1)
  The ghost of lunkers the Thaumaturge, a journeyman MeEE of Vehumet (Lair:1)
  8 ettins
  7 deep elf death magi
  Josephine (Lair:3)
  3 jiangshi (Depths:1)
  2 green deaths
  8 fire dragons
  7 entropy weavers
  8 deep elf high priests
  14 yaktaur captains
  A spriggan zombie (D:15)
  12 great orbs of eyes
  A quicksilver dragon skeleton (Crypt:3)
  The ghost of sirJeffrey23 the Basher, a journeyman FoFi of Okawaru (D:11)
  37 vault guards
  7 ice dragons
  4 peacekeepers
  A catoblepas (Lair:5)
  A hydra (shapeshifter) (Vaults:4)
  28 centaur warriors
  5 spriggan air magi
  7 boulder beetles
  15 hydras
  5 ogre magi
  A death knight (Crypt:2)
  5 ironbound frosthearts
  The ghost of valliere the Cleaver, a novice HOFi of the Shining One (Lair:1)
  34 dancing weapons
  7 tengu warriors
  5 deep troll shamans
  14 two-headed ogres
  6 death yaks (Lair:3)
  3 radroaches
  4 alligators
  3 hell hogs (Depths:4)
  5 vampire magi
  Urug (Orc:2)
  2 orc high priests (Elf:1)
  5 deep troll earth magi
  6 spriggan berserkers
  14 hell knights
  2 soul eaters (Crypt:2)
  24 deep elf knights
  2 sun demons
  4 goliath frogs
  10 iron trolls
  6 skeletal warriors
  A shadow wraith (Crypt:3)
  2 sun moths (Spider:4)
  A golden dragon zombie (D:15)
  6 pharaoh ants
  8 steelbarb worms
  48 deep trolls
  14 flayed ghosts
  18 deep elf archers
  3 bog bodies
  13 phantasmal warriors
  4 spriggan druids
  An obsidian statue (Zot:5)
  12 orb spiders
  3 spectral hydras (Swamp:4)
  An orb spider (shapeshifter) (Elf:3)
  3 glowing orange brains
  A swamp dragon (Swamp:4)
  An orange crystal statue (Vaults:2)
  19 ironbound convokers
  4 lindwurms
  2 tengu zombies
  11 wizards
  37 deep elf pyromancers
  7 necromancers
  A bunyip skeleton (Crypt:1)
  11 orc knights
  An orc sorcerer (Orc:1)
  54 ugly things
  An iron dragon zombie (Depths:1)
  26 deep elf zephyrmancers
  A fire giant zombie (Depths:1)
  A frost giant zombie (Crypt:1)
  5 will-o-the-wisps
  A jorogumo skeleton (Crypt:2)
  5 cyclopes
  17 wolf spiders
  2 manticores
  A sphinx skeleton (D:15)
  19 elephants
  A shining eye (shapeshifter) (Vaults:5)
  27 moths of wrath
  A frost giant skeleton (Depths:1)
  15 vault sentinels
  Joseph (D:7)
  5 smoke demons (Crypt:3)
  7 black mambas
  A black mamba (shapeshifter) (Elf:1)
  A torpor snail (Spider:4)
  Maggie (D:7)
  2 dire elephant skeletons
  6 gargoyles
  8 cane toads
  An unseen horror (shapeshifter) (Elf:2)
  A centaur skeleton (Crypt:3)
  An iron troll zombie (Crypt:1)
  13 komodo dragons
  A naga skeleton (Crypt:3)
  7 demonic crawlers
  3 freezing wraiths
  An ice devil (Gauntlet)
  A komodo dragon (shapeshifter) (Depths:2)
  5 rime drakes
  16 yaktaurs
  2 kobold demonologists
  3 tengu conjurers
  A catoblepas skeleton (Crypt:2)
  An unseen horror zombie (Crypt:2)
  An iron troll skeleton (Crypt:2)
  4 guardian mummies
  A harpy zombie (Crypt:1)
  2 red devils (Crypt:3)
  14 tarantellas
  10 meliai
  6 polar bears
  3 trolls
  2 death drake zombies (Swamp:4)
  A queen bee (shapeshifter) (Vaults:5)
  5 tyrant leeches
  2 harpy skeletons (Crypt:3)
  A tarantella (shapeshifter) (D:15)
  13 blink frogs
  11 hornets
  A hydra skeleton (Swamp:4)
  A death drake skeleton (Swamp:4)
  47 slime creatures
  4 dream sheep (Lair:3)
  23 spriggans
  25 jumping spiders
  A centaur simulacrum (D:14)
  18 culicivoras
  An air elemental (Elf:1)
  An ushabti (Crypt:3)
  4 shadows (Crypt:3)
  A wyvern (Lair:2)
  6 water elementals
  An ice dragon skeleton (Crypt:2)
  A culicivora (shapeshifter) (Vaults:5)
  A vampire (D:10)
  4 basilisks
  11 wraiths
  32 yaks
  A human (D:12)
  2 fire elementals (Elf:1)
  2 hogs (D:12)
  2 steam dragons
  28 vampire mosquitoes
  56 redbacks
  Grum (D:11)
  A merfolk zombie (Crypt:2)
  15 swamp worms
  A yaktaur simulacrum (Vaults:3)
  3 wargs
  A faun zombie (Crypt:2)
  An acid dragon (shapeshifter) (D:14)
  18 water moccasins
  5 acid dragons
  3 hydra simulacra (Swamp:4)
  Duvessa (D:5)
  A floating eye (Depths:1)
  8 swamp drakes
  A swamp drake (shapeshifter) (Depths:4)
  7 ogres
  38 orc warriors
  3 ice beasts
  A sky beast (D:6)
  A swamp dragon zombie (Swamp:4)
  5 boggarts (Lair:5)
  4 black bears (Lair:5)
  25 wolves
  24 centaurs
  A centaur (shapeshifter) (D:12)
  An elephant skeleton (Crypt:1)
  3 earth elementals
  12 bullfrogs
  4 gnoll sergeants
  2 necrophages (Crypt:2)
  9 scorpions
  15 wights
  Dowan (D:5)
  2 howler monkeys (D:11)
  An electric eel (Lair:4)
  A crimson imp (Orc:2)
  3 hounds
  23 orc priests
  3 jellies (Lair:4)
  Crazy Yiuf (D:5)
  A bullfrog skeleton (Crypt:1)
  A gnoll bouda (D:8)
  An iron imp (Orc:2)
  An iguana (D:5)
  17 orc wizards
  A boggart skeleton (Crypt:1)
  An acid dragon skeleton (Crypt:2)
  4 mummies (Crypt:3)
  21 gnolls
  6 adders
  5 shadow imps
  5 white imps
  2 ufetubi (Vaults:3)
  3 worms (Lair:2)
  84 orcs
  2 bats
  13 endoplasms
  A giant cockroach (D:4)
  6 goblins
  6 hobgoblins
  3 jackals (D:2)
  2 quokkas
  3 training dummies (D:10)
  5 ball pythons
  A frilled lizard (D:1)
  5 kobolds
  6 rats
  A rat skeleton (Crypt:1)
  A ballistomycete spore (Vaults:5)
2083 creatures vanquished.

Vanquished Creatures (collateral kills)
  A dread lich (Zot:4)
  A walking crystal tome (Depths:4)
  5 Orb Guardians (Zot:5)
  2 tentacled monstrosities (Vaults:5)
  2 titans (Vaults:5)
  A shadow dragon (Zot:4)
  A frost giant (Depths:4)
  A deep elf sorcerer (Elf:3)
  An iron dragon (Depths:4)
  Louise (Swamp:1)
  2 draconian shifters (Zot:5)
  A draconian stormcaller (Zot:1)
  A war gargoyle (Crypt:3)
  A vampire knight (Swamp:4)
  A stone giant (Vaults:5)
  A hydra skeleton (Swamp:4)
  An ironbound thunderhulk (Vaults:5)
  A deep elf demonologist (Depths:1)
  A white draconian (Zot:5)
  2 dire elephants (Vaults:4)
  A spark wasp (Depths:3)
  2 deep elf death magi
  A yaktaur captain (Vaults:5)
  2 vault guards (Vaults:5)
  4 hydras
  2 ice dragons (Elf:1)
  A spriggan skeleton (Crypt:3)
  A ghost crab (Swamp:2)
  A deep troll shaman (Depths:2)
  2 two-headed ogres (Vaults:5)
  2 deep troll earth magi
  2 vampire magi (Crypt:1)
  A spriggan berserker (Swamp:3)
  4 hell knights
  A skeletal warrior (Crypt:2)
  2 sun moths (Spider:4)
  A spriggan druid (Swamp:4)
  A bog body (Swamp:1)
  A wizard (Vaults:1)
  An ironbound convoker (Vaults:5)
  2 deep elf zephyrmancers (Elf:2)
  A necromancer (Vaults:2)
  5 phantasmal warriors
  An ugly thing (Vaults:4)
  A wolf spider (Vaults:5)
  A centaur skeleton (Crypt:3)
  3 freezing wraiths
  A red devil (Crypt:3)
  2 trolls
  A bloated husk (Swamp:1)
  4 tyrant leeches
  A nameless horror (Elf:2)
  A hornet (Lair:4)
  A fire dragon zombie (Crypt:1)
  2 spriggans (Lair:4)
  3 shadows (Crypt:3)
  A culicivora (Spider:1)
  A wraith (Crypt:3)
  7 vampire mosquitoes
  A swamp worm (Swamp:4)
  A floating eye (Depths:3)
  2 swamp drakes (Swamp:4)
  2 orc warriors (Vaults:5)
  A swamp dragon zombie (Swamp:4)
  2 ogres (Vaults:5)
  A swamp dragon skeleton (Crypt:1)
  2 wights
  A jelly (D:7)
  A howler monkey (D:8)
  An orc wizard (D:9)
  4 mummies
  2 gnolls (D:8)
  2 adders (D:2)
  7 orcs
  A ball python (D:3)
  2 bats
  An endoplasm (D:4)
  A giant cockroach (D:2)
  2 hobgoblins (D:2)
  A frilled lizard skeleton (Crypt:1)
  2 goblins (D:3)
  A kobold (D:2)
  12 ballistomycete spores (Vaults:5)
153 creatures vanquished.

Vanquished Creatures (others)
  A lich (Vaults:3)
  3 thorn hunters (Swamp:4)
  An emperor scorpion (Spider:4)
  A draconian annihilator (Zot:1)
  A deep elf annihilator (Elf:2)
  2 shambling mangroves (Swamp:4)
  A vault guard (Vaults:5)
  A rakshasa (Depths:2)
  A hydra (Swamp:4)
  An ogre mage (Vaults:5)
  An alligator (Swamp:1)
  A deep elf knight (Elf:2)
  A hell knight (Depths:2)
  2 spriggan druids (Swamp:4)
  A deep elf archer (Elf:1)
  2 swamp dragons (Swamp:4)
  3 oklob plants (Swamp:4)
  A will-o-the-wisp (Swamp:3)
  An ice devil (D:13)
  A bloated husk (Swamp:1)
  A death drake skeleton (Swamp:4)
  An air elemental (Elf:3)
  2 vampire mosquitoes (Swamp:4)
  A chaos spawn (D:13)
  3 swamp worms
  2 swamp drakes (Swamp:4)
  An ogre (Vaults:5)
  An orc (Orc:2)
  12 briar patches (Swamp:4)
  A bush (Lair:5)
  12 foxfires
  40 fungi
  113 plants
  53 withered plants
270 creatures vanquished.

Grand Total: 2506 creatures vanquished

Notes
Turn   | Place    | Note
-------+----------+-------------------------------------------
     0 | D:1      | Lobster4 the Gnoll Wanderer began the quest for the Orb.
     0 | D:1      | Lobster4 set off with the following items: a +2 dagger, a
                  | potion of heal wounds, 10 poisoned darts, a +0 dagger, a
                  | scroll of blinking, a +0 robe; and the following spell
                  | memorised: Summon Small Mammal; and the following spells
                  | available to memorise: Summon Guardian Golem.
     0 | D:1      | Reached XP level 1. HP: 17/17 MP: 4/4
   340 | D:1      | Reached XP level 2. HP: 23/23 MP: 5/5
   588 | D:2      | Found Mabal's General Store.
   720 | D:2      | Found Qeanawk's Armour Emporium.
   729 | D:2      | Reached XP level 3. HP: 8/28 MP: 2/7
   942 | D:2      | Reached skill level 1 in Invocations
  1308 | D:2      | Reached skill level 1 in Short Blades
  1308 | D:2      | Reached skill level 1 in Long Blades
  1308 | D:2      | Reached skill level 1 in Axes
  1308 | D:2      | Reached skill level 1 in Maces & Flails
  1308 | D:2      | Reached skill level 1 in Polearms
  1308 | D:2      | Reached skill level 1 in Staves
  1308 | D:2      | Reached skill level 1 in Ranged Weapons
  1308 | D:2      | Reached skill level 1 in Armour
  1308 | D:2      | Reached skill level 1 in Dodging
  1308 | D:2      | Reached skill level 1 in Shields
  1308 | D:2      | Reached skill level 1 in Unarmed Combat
  1308 | D:2      | Reached skill level 1 in Evocations
  1320 | D:2      | Learned a level 1 spell: Sandblast
  1353 | D:2      | Found Wozxi's Weapon Boutique.
  1667 | D:2      | Reached XP level 4. HP: 34/34 MP: 5/8
  1827 | D:2      | Found Qesotu's Assorted Antiques.
  2089 | D:3      | Reached skill level 1 in Conjurations
  2089 | D:3      | Reached skill level 1 in Hexes
  2089 | D:3      | Reached skill level 1 in Necromancy
  2089 | D:3      | Reached skill level 1 in Translocations
  2089 | D:3      | Reached skill level 1 in Transmutations
  2089 | D:3      | Reached skill level 1 in Fire Magic
  2089 | D:3      | Reached skill level 1 in Ice Magic
  2089 | D:3      | Reached skill level 1 in Air Magic
  2089 | D:3      | Reached skill level 1 in Earth Magic
  2089 | D:3      | Reached skill level 1 in Poison Magic
  2106 | D:3      | Reached XP level 5. HP: 25/40 MP: 4/9
  2447 | D:3      | Found a faded altar of an unknown god.
  2635 | D:3      | Found a shimmering altar of Xom.
  2637 | D:3      | Found a shimmering altar of Xom.
  2808 | D:3      | Found a shimmering altar of Xom.
  2809 | D:3      | Found a shimmering altar of Xom.
  2809 | D:3      | Found a shimmering altar of Xom.
  2809 | D:3      | Found a shimmering altar of Xom.
  2809 | D:3      | Found a shimmering altar of Xom.
  2811 | D:3      | Found a shimmering altar of Xom.
  2814 | D:3      | Found a shimmering altar of Xom.
  2931 | D:3      | Identified the +0 dagger of Meaven {speed, rC+ Int+3
                  | Stlth-}
  3243 | D:4      | Reached XP level 6. HP: 46/47 MP: 9/11
  3551 | D:4      | Learned a level 2 spell: Passwall
  3881 | D:2      | Reached skill level 2 in Maces & Flails
  4223 | D:4      | Reached XP level 7. HP: 40/52 MP: 7/12
  4312 | D:4      | Identified the ring "Gumnyol" {rF++ Str-4 Dex+7 Slay+4}
  4378 | D:5      | Entered Level 5 of the Dungeon
  4602 | D:5      | Found Adoorgho's Lightly-Used Armoury.
  4662 | D:5      | Noticed Duvessa
  4736 | D:5      | Found a runed translucent door.
  4737 | D:5      | Noticed Crazy Yiuf
  4746 | D:5      | Killed Crazy Yiuf
  4758 | D:5      | Identified 2 scrolls of acquirement
  4758 | D:5      | Acquired 1128 gold pieces
  4760 | D:5      | Acquired the +2 cloak of Qekas {rPois Str+2 Dex+4}
  5002 | D:2      | Bought the +2 robe of Nimiodwe {Dex+9} for 402 gold pieces
  5060 | D:5      | Noticed Dowan
  5066 | D:5      | Killed Dowan
  5369 | D:6      | Reached skill level 3 in Maces & Flails
  5369 | D:6      | Reached XP level 8. HP: 60/60 MP: 14/14
  5457 | D:6      | Found a large runed translucent door.
  5458 | D:6      | Found a large runed translucent door.
  5898 | D:6      | Found a snail-covered altar of Cheibriados.
  5999 | D:6      | Found a bloodstained altar of Trog.
  6311 | D:7      | Found a staircase to the Ecumenical Temple.
  6322 | Temple   | Entered the Ecumenical Temple
  6617 | D:7      | Noticed Joseph
  6639 | D:7      | Killed Joseph
  6640 | D:7      | Reached skill level 4 in Maces & Flails
  6640 | D:7      | Reached skill level 5 in Spellcasting
  6640 | D:7      | Reached XP level 9. HP: 33/67 MP: 3/16
  6872 | D:7      | Noticed Maggie
  6892 | D:7      | Killed Maggie
  6893 | D:7      | Reached skill level 5 in Fighting
  7191 | D:7      | Reached skill level 5 in Invocations
  7506 | D:8      | Found a hazy altar of Hepliaklqana.
  7742 | D:8      | Noticed a kobold demonologist
  8175 | D:8      | Noticed a rust devil
  8319 | D:8      | Killed a kobold demonologist
  8320 | D:8      | Reached skill level 5 in Short Blades
  8320 | D:8      | Reached skill level 5 in Long Blades
  8320 | D:8      | Reached skill level 5 in Axes
  8320 | D:8      | Reached skill level 5 in Maces & Flails
  8320 | D:8      | Reached skill level 5 in Polearms
  8320 | D:8      | Reached skill level 5 in Staves
  8320 | D:8      | Reached skill level 5 in Ranged Weapons
  8320 | D:8      | Reached skill level 5 in Armour
  8320 | D:8      | Reached skill level 5 in Dodging
  8320 | D:8      | Reached skill level 5 in Shields
  8320 | D:8      | Reached skill level 5 in Unarmed Combat
  8320 | D:8      | Reached skill level 5 in Evocations
  8320 | D:8      | Reached XP level 10. HP: 74/76 MP: 14/18
  8444 | D:8      | Found a staircase to the Lair.
  8966 | D:9      | Noticed a two-headed ogre
  8970 | D:9      | Killed a two-headed ogre
  9040 | D:9      | Reached skill level 5 in Summonings
  9778 | D:9      | Noticed a tengu warrior
  9905 | D:9      | Found a shadowy altar of Dithmenos.
 10070 | Temple   | Became a worshipper of Fedhas Madash
 10188 | D:9      | Killed a tengu warrior
 10285 | D:9      | Reached skill level 6 in Maces & Flails
 10462 | D:10     | Entered Level 10 of the Dungeon
 10602 | D:9      | Reached skill level 5 in Conjurations
 10602 | D:9      | Reached skill level 5 in Hexes
 10602 | D:9      | Reached skill level 5 in Necromancy
 10602 | D:9      | Reached skill level 5 in Translocations
 10602 | D:9      | Reached skill level 5 in Transmutations
 10602 | D:9      | Reached skill level 5 in Fire Magic
 10602 | D:9      | Reached skill level 5 in Ice Magic
 10602 | D:9      | Reached skill level 5 in Air Magic
 10602 | D:9      | Reached skill level 5 in Earth Magic
 10602 | D:9      | Reached skill level 5 in Poison Magic
 10602 | D:9      | Reached XP level 11. HP: 79/83 MP: 17/21
 10623 | D:9      | Reached skill level 10 in Stealth
 10710 | D:10     | Found Suufiom's Firing Range.
 10772 | D:10     | Noticed a two-headed ogre
 10831 | D:10     | Killed a two-headed ogre
 11071 | D:10     | Reached * piety under Fedhas
 11195 | D:10     | Found a staircase to the Orcish Mines.
 11553 | D:10     | Found an iron altar of Okawaru.
 11908 | D:11     | Found a runed translucent door.
 11909 | D:11     | Noticed sirJeffrey23's ghost (journeyman FoFi)
 12114 | D:11     | Noticed a two-headed ogre
 12132 | D:11     | Killed a two-headed ogre
 12361 | D:11     | Noticed Grum
 12364 | D:11     | Killed Grum
 12920 | D:11     | Learned a level 3 spell: Frozen Ramparts
 12924 | D:11     | Learned a level 3 spell: Ozocubu's Armour
 12926 | D:11     | Learned a level 1 spell: Necrotise
 13318 | D:12     | Reached ** piety under Fedhas
 13450 | D:12     | Reached skill level 7 in Maces & Flails
 13507 | D:12     | Noticed Kirke
 13537 | D:12     | Noticed a manticore
 13764 | D:12     | Noticed a two-headed ogre
 13852 | D:12     | Reached XP level 12. HP: 91/91 MP: 20/23
 13951 | D:12     | Killed Kirke
 14399 | D:12     | Learned a level 2 spell: Poisonous Vapours
 14403 | D:12     | Learned a level 3 spell: Stone Arrow
 14497 | D:12     | Noticed a centaur warrior
 14497 | D:12     | Noticed a boulder beetle
 14575 | D:12     | Killed a two-headed ogre
 14576 | D:12     | Reached skill level 10 in Throwing
 14854 | Lair:1   | Entered Level 1 of the Lair of Beasts
 14970 | Orc:1    | Entered Level 1 of the Orcish Mines
 15011 | Orc:1    | Reached *** piety under Fedhas
 15294 | Orc:2    | Entered Level 2 of the Orcish Mines
 15294 | Orc:2    | Found Etegit's General Store.
 15412 | Orc:2    | Found a gate leading to a gauntlet.
 15417 | Orc:2    | Found a staircase to the Elven Halls.
 15419 | Gauntlet | Entered a Gauntlet
 15419 | Gauntlet | Found a transporter.
 15419 | Gauntlet | Found a transporter.
 15458 | Gauntlet | Found a transporter.
 15458 | Gauntlet | Found a transporter.
 15467 | Gauntlet | Found a transporter.
 15475 | Gauntlet | Noticed a five-headed hydra
 15485 | Gauntlet | Noticed a reaper
 15486 | Gauntlet | Found a transporter.
 15494 | Gauntlet | Noticed a death yak
 15495 | Gauntlet | Noticed a death yak
 15495 | Gauntlet | Noticed a death yak
 15496 | Gauntlet | Found a transporter.
 15496 | Gauntlet | Found a transporter.
 15496 | Gauntlet | Noticed a death yak
 15496 | Gauntlet | Noticed a death yak
 15497 | Gauntlet | Noticed a death yak
 15500 | Gauntlet | Found a transporter.
 15527 | Gauntlet | Found a transporter.
 15530 | Gauntlet | Found the +6 lightning scales {swift, rElec}
 15534 | Gauntlet | Found a transporter.
 15552 | Gauntlet | Found a transporter.
 15597 | Gauntlet | Found a transporter.
 15610 | Gauntlet | Noticed a reaper
 15613 | Gauntlet | Found a transporter.
 15714 | Gauntlet | Found a transporter.
 15732 | Gauntlet | Found a transporter.
 16029 | Gauntlet | Identified the +0 pair of boots "Nyaklu" {*Slow +Blink
                  | rElec rPois}
 16164 | Gauntlet | Identified the ring of Wenezio {rN+ Int+5}
 16166 | Gauntlet | Identified the amulet "Yreqonenid" {Faith rCorr Int+3}
 16183 | Gauntlet | Learned a level 3 spell: Mephitic Cloud
 16189 | Gauntlet | Identified the ring of Megalomania {Str+3 SInv Stlth+}
 16189 | Gauntlet | Noticed a minotaur
 16198 | Gauntlet | Killed a minotaur
 16215 | Gauntlet | Got Jasoeb's Reference Book on Transposition
 16242 | Orc:2    | Reached **** piety under Fedhas
 17174 | Orc:2    | Noticed glaedl's ghost (journeyman GrBe)
 17174 | Orc:2    | Found a runed translucent door.
 17186 | Orc:1    | Paralysed by an orc sorcerer for 5 turns
 17288 | Orc:2    | Noticed Urug
 17535 | Orc:2    | Reached ***** piety under Fedhas
 17587 | Orc:2    | Killed Urug
 17714 | Orc:2    | Noticed a centaur warrior
 17737 | Orc:2    | Killed a centaur warrior
 17738 | Orc:2    | Reached skill level 8 in Maces & Flails
 17934 | Orc:2    | Reached XP level 13. HP: 95/99 MP: 6/25
 18564 | Orc:2    | Noticed Rupert
 18583 | Orc:2    | Found Neonny's Magic Scroll Boutique.
 18583 | Orc:2    | Found Xeuba's General Store.
 18585 | Orc:2    | Found Aduede's Assorted Antiques.
 18587 | Orc:2    | Found Bifuumm's Weapon Shop.
 18599 | Orc:2    | Bought a pink potion for 27 gold pieces
 18600 | Orc:2    | Bought a shimmering short sword for 248 gold pieces
 18600 | Orc:2    | Identified the +7 short sword of Doos {spect, Str+2 Int+6
                  | Stlth-} (You bought it in a shop on level 2 of the Orcish
                  | Mines)
 18605 | Orc:2    | Bought the +8 Vampire's Tooth {vamp} for 720 gold pieces
 18605 | Orc:2    | Found the +8 Vampire's Tooth {vamp}
 19404 | Lair:1   | Acquired the +1 pair of gloves of Hadjma {rPois}
 19621 | Orc:2    | Bought a scroll labelled HOMPEJ SOARA for 31 gold pieces
 19629 | Orc:2    | Bought a scroll of identify for 62 gold pieces
 19634 | Orc:2    | Bought a potion of might for 60 gold pieces
 20390 | Lair:1   | Found a runed translucent gate.
 20390 | Lair:1   | Found a runed translucent gate.
 20390 | Lair:1   | Found a runed translucent gate.
 20398 | Lair:1   | Noticed lunkers's ghost (journeyman MeEE)
 20398 | Lair:1   | Noticed valliere's ghost (novice HOFi)
 20925 | Lair:2   | Found a hole to the Spider Nest.
 20939 | Lair:2   | Reached ****** piety under Fedhas
 21669 | Lair:2   | Reached skill level 9 in Maces & Flails
 21928 | Lair:3   | Noticed Josephine
 21958 | Lair:3   | Killed Josephine
 22237 | Lair:3   | Reached XP level 14. HP: 93/108 MP: 14/27
 22364 | Lair:3   | Reached skill level 10 in Invocations
 22935 | Lair:3   | Found a staircase to the Swamp.
 23797 | Lair:4   | Reached skill level 10 in Spellcasting
 23892 | Lair:4   | Found a staircase to the Slime Pits.
 23895 | Lair:4   | Found a viscous altar of Jiyva.
 23895 | Lair:4   | You fall into a shaft and drop 1 floor!
 23895 | Lair:5   | Entered Level 5 of the Lair of Beasts
 23945 | Lair:5   | Reached skill level 10 in Fighting
 24428 | Lair:4   | Found a transporter.
 24436 | Lair:4   | Found a bloodstained altar of Trog.
 24436 | Lair:4   | Noticed OstrichLN's ghost (journeyman MiFi)
 24440 | Lair:4   | Found a transporter.
 24939 | Lair:5   | Got the Quarto of Convocation
 25172 | Lair:5   | Paralysed by a hornet for 2 turns
 25360 | Lair:5   | Reached skill level 10 in Short Blades
 25360 | Lair:5   | Reached skill level 10 in Long Blades
 25360 | Lair:5   | Reached skill level 10 in Axes
 25360 | Lair:5   | Reached skill level 10 in Maces & Flails
 25360 | Lair:5   | Reached skill level 10 in Polearms
 25360 | Lair:5   | Reached skill level 10 in Staves
 25360 | Lair:5   | Reached skill level 10 in Ranged Weapons
 25360 | Lair:5   | Reached skill level 10 in Armour
 25360 | Lair:5   | Reached skill level 10 in Dodging
 25360 | Lair:5   | Reached skill level 10 in Shields
 25360 | Lair:5   | Reached skill level 10 in Unarmed Combat
 25360 | Lair:5   | Reached skill level 10 in Evocations
 25595 | Lair:5   | Reached XP level 15. HP: 117/117 MP: 10/29
 27498 | D:13     | You fall into a shaft and drop 2 floors!
 27498 | D:15     | Entered Level 15 of the Dungeon
 27527 | D:15     | Learned a level 4 spell: Olgreb's Toxic Radiance
 28806 | D:14     | Found a portal to a secret trove of treasure.
 29609 | D:5      | Killed Duvessa
 29699 | D:6      | Found a burning altar of Makhleb.
 29711 | D:6      | Found a glowing golden altar of the Shining One.
 29928 | D:11     | Killed sirJeffrey23's ghost
 29939 | D:11     | Upgraded the game from 0.30-a0-329-g85436e0a43 to
                  | 0.30-a0-331-g8ab09dc110
 30576 | D:15     | Found a staircase to the Depths.
 30673 | D:15     | Reached XP level 16. HP: 124/125 MP: 25/31
 31032 | D:15     | Reached skill level 11 in Maces & Flails
 31473 | D:15     | Identified the +0 leather armour of Peek-a-Boo {rElec
                  | Slay+3}
 32076 | Spider:1 | Entered Level 1 of the Spider Nest
 32272 | Spider:1 | Identified the +4 flail "Hirphaogu" {vorpal, rC- Str+6}
 32566 | Spider:1 | Noticed Roxanne
 33937 | Spider:2 | Learned a level 4 spell: Summon Lightning Spire
 34341 | Spider:3 | Reached skill level 10 in Summonings
 35649 | Spider:4 | Entered Level 4 of the Spider Nest
 35790 | Spider:4 | Reached XP level 17. HP: 133/133 MP: 28/33
 35996 | Spider:4 | Acquired a ring of resist corrosion
 36081 | Spider:4 | Reached skill level 10 in Conjurations
 36081 | Spider:4 | Reached skill level 10 in Hexes
 36081 | Spider:4 | Reached skill level 10 in Necromancy
 36081 | Spider:4 | Reached skill level 10 in Translocations
 36081 | Spider:4 | Reached skill level 10 in Transmutations
 36081 | Spider:4 | Reached skill level 10 in Fire Magic
 36081 | Spider:4 | Reached skill level 10 in Ice Magic
 36081 | Spider:4 | Reached skill level 10 in Air Magic
 36081 | Spider:4 | Reached skill level 10 in Earth Magic
 36081 | Spider:4 | Reached skill level 10 in Poison Magic
 36814 | Spider:4 | Reached skill level 12 in Maces & Flails
 38108 | Spider:4 | Got a gossamer rune of Zot
 38951 | D:14     | Found a gate to the Vaults.
 39206 | Vaults:1 | Entered Level 1 of the Vaults
 39286 | Vaults:1 | Noticed a sphinx
 39301 | Vaults:1 | Killed a sphinx
 40520 | Vaults:1 | Found Rual's Antique Armour Shop.
 40734 | Vaults:1 | Bought an ichor-stained leather armour for 231 gold pieces
 40734 | Vaults:1 | Identified the +2 leather armour of Isysy {-Cast Str+6}
                  | (You bought it in a shop on level 1 of the Vaults)
 40777 | Vaults:1 | Reached XP level 18. HP: 142/142 MP: 21/34
 40925 | Vaults:1 | Identified the +0 dagger of Precise Incision {drain, rCorr
                  | Dex+6}
 41784 | Vaults:2 | Reached skill level 13 in Maces & Flails
 42287 | Vaults:2 | Found Reujeolu's Jewellery Shoppe.
 42288 | Vaults:2 | You fall into a shaft and drop 2 floors!
 43266 | Vaults:2 | Reached skill level 15 in Stealth
 43812 | Vaults:2 | Bought the ring "Cufilac" {rN+ AC+4 Int+3 Stlth+} for 844
                  | gold pieces
 43831 | Vaults:2 | Learned a level 4 spell: Sticky Flame
 43833 | Vaults:2 | Found a staircase to the Crypt.
 43933 | Vaults:2 | Paralysed by a great orb of eyes for 2 turns
 44293 | Vaults:2 | Reached XP level 19. HP: 150/150 MP: 23/36
 44363 | Vaults:2 | Reached skill level 14 in Maces & Flails
 45293 | Vaults:3 | Noticed Donald
 45311 | Vaults:3 | Killed Donald
 46367 | Vaults:3 | Reached skill level 15 in Throwing
 47089 | Vaults:3 | Reached skill level 15 in Maces & Flails
 47573 | Vaults:4 | Noticed a tentacled monstrosity
 47877 | Vaults:4 | Killed a tentacled monstrosity
 47917 | Vaults:4 | Noticed Mara
 47921 | Vaults:4 | Killed Mara
 47922 | Vaults:4 | Reached skill level 15 in Invocations
 48032 | Vaults:4 | Paralysed by a great orb of eyes for 2 turns
 48275 | Vaults:4 | Reached XP level 20. HP: 131/159 MP: 1/38
 49763 | Vaults:4 | Learned a level 4 spell: Manifold Assault
 50889 | D:12     | Identified the +2 arbalest "Wuim" {flame, rCorr Int+2}
 51191 | Lair:1   | Killed lunkers's ghost
 51197 | Lair:1   | Killed valliere's ghost
 51255 | Lair:1   | Identified the +1 robe of the Modern Wars {MP-9 Dex+5}
 51360 | Swamp:1  | Entered Level 1 of the Swamp
 51455 | Swamp:1  | Learned a level 5 spell: Summon Forest
 51564 | Swamp:1  | Noticed Louise
 51570 | Swamp:1  | Killed Louise
 51765 | Swamp:1  | Reached skill level 16 in Maces & Flails
 54400 | Swamp:4  | Entered Level 4 of the Swamp
 54622 | Swamp:4  | Reached XP level 21. HP: 167/167 MP: 32/39
 55134 | Swamp:4  | Paralysed by a vampire knight for 3 turns
 55695 | Swamp:4  | Found a blossoming altar of Fedhas.
 55707 | Swamp:4  | Got a decaying rune of Zot
 55760 | Swamp:4  | Found a basalt altar of Yredelemnul.
 56091 | Lair:4   | Killed OstrichLN's ghost
 56092 | Lair:4   | Reached skill level 15 in Spellcasting
 56340 | Spider:1 | Killed Roxanne
 56705 | Depths:1 | Entered Level 1 of the Depths
 56729 | Depths:1 | Reached skill level 15 in Fighting
 57019 | Depths:1 | Found a one-way gate to the infinite horrors of the Abyss.
 57407 | Depths:1 | Found Tucane's Overcharged Wands.
 57581 | Depths:1 | Found a gateway to Hell.
 57818 | Depths:1 | Reached skill level 17 in Maces & Flails
 57909 | Depths:1 | Found Naefeam's Assorted Antiques.
 57929 | Depths:1 | Bought a pair of runed gloves for 232 gold pieces
 57935 | Depths:1 | Bought a pair of runed boots for 232 gold pieces
 58342 | Depths:2 | Found a one-way gate leading to the halls of Pandemonium.
 58670 | Depths:2 | Reached skill level 15 in Short Blades
 58670 | Depths:2 | Reached skill level 15 in Long Blades
 58670 | Depths:2 | Reached skill level 15 in Axes
 58670 | Depths:2 | Reached skill level 15 in Polearms
 58670 | Depths:2 | Reached skill level 15 in Staves
 58670 | Depths:2 | Reached skill level 15 in Ranged Weapons
 58670 | Depths:2 | Reached skill level 15 in Armour
 58670 | Depths:2 | Reached skill level 15 in Dodging
 58670 | Depths:2 | Reached skill level 15 in Shields
 58670 | Depths:2 | Reached skill level 15 in Unarmed Combat
 58670 | Depths:2 | Reached skill level 15 in Evocations
 59376 | Depths:2 | Identified the +9 hand axe of Fidghote {spect, Will+}
 60033 | Depths:2 | Found a one-way gateway to a ziggurat.
 60214 | Depths:2 | Reached XP level 22. HP: 176/176 MP: 26/41
 61046 | Depths:3 | Noticed Boris
 61062 | Depths:3 | Killed Boris
 61062 | Depths:3 | Paralysed by a floating eye for 4 turns
 61990 | Depths:3 | Found Giuhip's Jewellery Shop.
 61990 | Depths:3 | Found Wogic's Book Shoppe.
 61991 | Depths:3 | Found Icaus's Book Shoppe.
 62005 | Depths:3 | Bought Ozocubu's Autobiography for 288 gold pieces
 62335 | Depths:3 | Reached skill level 18 in Maces & Flails
 62474 | Depths:3 | Noticed a golden dragon
 62475 | Depths:3 | Noticed a juggernaut
 62769 | Depths:3 | Killed a golden dragon
 62922 | Depths:3 | Killed a juggernaut
 62978 | Depths:3 | Got the Reference Book on Contamination and Vapour
 62982 | Depths:3 | Identified the amulet "Muegelon" {RegenMP Str+3 SInv}
 62999 | Depths:3 | Identified the +10 battleaxe of Revolt {distort, rElec rN+}
 63087 | Depths:4 | Entered Level 4 of the Depths
 63230 | Depths:4 | Noticed Parghit
 63258 | Depths:4 | Killed Parghit
 64115 | Depths:4 | Found a gate to the Realm of Zot.
 64149 | Depths:4 | Noticed a golden dragon
 64538 | Depths:4 | Reached XP level 23. HP: 177/184 MP: 22/43
 64679 | Depths:4 | Killed a golden dragon
 65151 | Depths:3 | Bought the amulet "Hoinlye" {Faith rElec Will+ rCorr Dex-3}
                  | for 1119 gold pieces
 65621 | Elf:1    | Entered Level 1 of the Elven Halls
 65846 | Elf:1    | Reached skill level 19 in Maces & Flails
 66845 | Elf:1    | Found a runed translucent gate.
 66845 | Elf:1    | Found a runed translucent gate.
 66845 | Elf:1    | Found a runed translucent gate.
 66845 | Elf:1    | Found a runed translucent gate.
 66845 | Elf:1    | Found a runed translucent gate.
 66846 | Elf:1    | Found a runed translucent gate.
 67536 | Elf:2    | Noticed Asterion
 67557 | Elf:2    | Killed Asterion
 68227 | Elf:2    | Found a runed translucent gate.
 68227 | Elf:2    | Found a runed translucent gate.
 68227 | Elf:2    | Found a runed translucent gate.
 68743 | Elf:3    | Entered Level 3 of the Elven Halls
 70085 | Elf:3    | Identified the +6 halberd of Prescription {venom, rC+ rN+
                  | rCorr Int+2}
 70208 | Elf:3    | Identified the +1 troll leather armour "Muicypp" {rC+
                  | Regen+}
 70232 | Elf:3    | Identified the +9 whip "Lonae" {protect, rF+ rC++}
 70370 | Elf:3    | Reached XP level 24. HP: 193/193 MP: 27/43
 70516 | Elf:3    | Identified the +4 mace of Nox Paug {spect, rF+}
 70717 | Elf:3    | Identified the +1 robe of the Several Seas {rF- Int+5}
 70908 | Elf:3    | Got Zuim's Volume of Moulding and Ensorcelling
 70926 | Elf:3    | Identified the +1 pair of boots of Spite {Int+4}
 71463 | Crypt:1  | Entered Level 1 of the Crypt
 71492 | Crypt:1  | You fall into a shaft and drop 1 floor!
 71764 | Crypt:1  | Found an ancient bone altar of Kikubaaqudgha.
 71975 | Crypt:1  | Learned a level 5 spell: Fireball
 72112 | Crypt:1  | Reached skill level 20 in Maces & Flails
 72693 | Crypt:2  | Found the Hermit's Pendant {Faith Invo=14 Evo=0 MP+5}
 72704 | Crypt:2  | Noticed Boris
 72720 | Crypt:2  | Killed Boris
 73204 | Crypt:2  | Noticed Mennas
 73335 | Crypt:3  | Entered Level 3 of the Crypt
 74153 | Crypt:3  | Got the Parchment of Left-Handed Rites
 74156 | Crypt:3  | Identified the +4 whip of Responsibility {vamp, rC++ MP+9
                  | Int-5 Stlth+}
 74411 | Crypt:3  | Identified the ring "Jaaxen Uniq" {rN+ Str+5 Stlth+}
 74411 | Crypt:3  | Identified the ring of Ignis's Brutal Revenge {rF+ rC+ rN+
                  | Will+ Dex+2}
 74411 | Crypt:3  | Identified the ring of the Good {*Corrode rN+ Str+6 Int+4}
 74508 | Crypt:3  | Found a staircase to the Tomb.
 75744 | Crypt:3  | Found an ancient bone altar of Kikubaaqudgha.
 75831 | Crypt:3  | Noticed an ancient lich
 75836 | Crypt:3  | Killed an ancient lich
 76238 | Vaults:5 | Entered Level 5 of the Vaults
 76299 | Vaults:5 | HP: 6/195 [titan (34)]
 76305 | Vaults:5 | Reached XP level 25. HP: 34/202 MP: 16/44
 76535 | Vaults:5 | Reached skill level 21 in Maces & Flails
 76554 | Vaults:5 | Reached skill level 15 in Summonings
 76966 | Vaults:5 | Got a silver rune of Zot
 77008 | Vaults:5 | Identified the +0 leather armour of Hepliaklqana's Reproof
                  | {rPois rC- rN+++ Int-3}
 77012 | Vaults:5 | Identified the +6 mace of Bomir {vamp, Fragile rN+++ rCorr
                  | Str-5}
 77170 | Vaults:5 | Reached skill level 15 in Conjurations
 77170 | Vaults:5 | Reached skill level 15 in Hexes
 77170 | Vaults:5 | Reached skill level 15 in Necromancy
 77170 | Vaults:5 | Reached skill level 15 in Translocations
 77170 | Vaults:5 | Reached skill level 15 in Transmutations
 77170 | Vaults:5 | Reached skill level 15 in Fire Magic
 77170 | Vaults:5 | Reached skill level 15 in Ice Magic
 77170 | Vaults:5 | Reached skill level 15 in Air Magic
 77170 | Vaults:5 | Reached skill level 15 in Earth Magic
 77170 | Vaults:5 | Reached skill level 15 in Poison Magic
 77240 | Vaults:5 | Identified the +9 plate armour of the Moon Troll {Rampage
                  | Str+5 Dex-4}
 77436 | Vaults:5 | Got Tinnokhu's Folio of Ensorcelling
 78248 | Vaults:5 | Identified the +5 spear "Zaohai" {flame, rElec rN+}
 78321 | Vaults:5 | Identified the +6 sling "Ihiqagaz" {vorpal, Fragile rPois
                  | rCorr Stlth+}
 79137 | Zot:1    | Entered Level 1 of the Realm of Zot
 79137 | Zot:1    | Noticed an orb of fire
 79157 | Depths:4 | Gained mutation: You are weak. (Str -2) [an orb of fire]
 79221 | Depths:4 | Learned a level 4 spell: Summon Ice Beast
 79299 | Depths:4 | Gained mutation: You are dopey. (Int -2) [an orb of fire]
 79300 | Depths:4 | Gained mutation: Potions are less effective at restoring
                  | your health. [an orb of fire]
 79315 | Depths:4 | Killed an orb of fire
 80672 | Zot:1    | Noticed an orb of fire
 80683 | Zot:1    | Killed an orb of fire
 80826 | Zot:1    | Reached XP level 26. HP: 211/211 MP: 32/45
 81269 | Zot:2    | Found a transporter.
 81560 | Zot:2    | Found a runed translucent door.
 81560 | Zot:2    | Found a shimmering altar of Xom.
 81560 | Zot:2    | Noticed Nurghysux's ghost (veteran MiBe)
 81675 | Zot:2    | Found a transporter.
 81675 | Zot:2    | Noticed an orb of fire
 82198 | Depths:3 | Bought an Inescapable Atlas for 384 gold pieces
 82201 | Depths:3 | Learned a level 2 spell: Blink
 82205 | Depths:3 | Learned a level 3 spell: Teleport Other
 82381 | Zot:3    | Noticed a Killer Klown
 82385 | Zot:3    | Killed a Killer Klown
 82455 | Zot:3    | Reached skill level 22 in Maces & Flails
 83588 | Zot:3    | You fall into a shaft and drop 1 floor!
 85653 | Zot:4    | Noticed an orb of fire
 85661 | Zot:4    | Gained mutation: Your magical capacity is low. (-10% MP)
                  | [an orb of fire]
 85683 | Zot:4    | Killed an orb of fire
 86275 | D:7      | Lost mutation: You are weak. (Str -2) [potion of mutation]
 86275 | D:7      | Lost mutation: You are dopey. (Int -2) [potion of mutation]
 86275 | D:7      | Lost mutation: Your magical capacity is low. (-10% MP)
                  | [potion of mutation]
 86275 | D:7      | Gained mutation: Your movements are slightly less
                  | encumbered by armour. (ER -2) [potion of mutation]
 86477 | Orc:2    | Bought a potion of mutation for 120 gold pieces
 86497 | Orc:2    | Killed Rupert
 86910 | Zot:5    | Entered Level 5 of the Realm of Zot
 86920 | Zot:5    | Found a transporter.
 86921 | Zot:5    | Found a transporter.
 86926 | Zot:5    | Found a transporter.
 86952 | Zot:5    | Found a transporter.
 87667 | Zot:5    | Noticed a dread lich
 87985 | Zot:5    | Gained mutation: Your body sometimes deteriorates upon
                  | taking damage. [mutagenic glow]
 88153 | Zot:5    | Killed a dread lich
 88292 | Zot:5    | Lost mutation: Your body sometimes deteriorates upon taking
                  | damage. [potion of mutation]
 88292 | Zot:5    | Lost mutation: Your movements are slightly less encumbered
                  | by armour. (ER -2) [potion of mutation]
 88292 | Zot:5    | Lost mutation: Potions are less effective at restoring your
                  | health. [potion of mutation]
 88292 | Zot:5    | Gained mutation: You possess an exceptional clarity of
                  | mind. [potion of mutation]
 88407 | Zot:5    | Noticed a Killer Klown
 88421 | Zot:5    | Killed a Killer Klown
 88422 | Zot:5    | Reached XP level 27. HP: 205/220 MP: 40/45
 88442 | Zot:5    | Noticed a dread lich
 88678 | Zot:4    | Killed a dread lich
 89114 | Orc:2    | Killed glaedl's ghost
 89480 | Vaults:2 | Learned a level 7 spell: Summon Hydra
 90320 | Elf:2    | Reached skill level 23 in Maces & Flails
 91275 | Zot:5    | Noticed an orb of fire
 91289 | Zot:5    | Gained mutation: Your muscles are strong. (Str +4, Int/Dex
                  | -1) [an orb of fire]
 91295 | Zot:5    | Gained mutation: Armour fits poorly on your strangely
                  | shaped body. [an orb of fire]
 91326 | Zot:5    | Killed an orb of fire
 91390 | Zot:5    | Noticed an orb of fire
 91396 | Zot:5    | Gained mutation: You are clumsy. (Dex -2) [an orb of fire]
 91405 | Zot:5    | Lost mutation: You possess an exceptional clarity of mind.
                  | [an orb of fire]
 91413 | Zot:5    | Killed an orb of fire
 91443 | Zot:5    | Noticed a dread lich
 91482 | Zot:5    | Killed a dread lich
 91775 | Zot:5    | Noticed an ancient lich
 91791 | Zot:5    | Noticed an orb of fire
 91847 | Zot:5    | Killed an orb of fire
 92120 | Zot:5    | Killed an ancient lich
 92641 | Zot:5    | Noticed an ancient lich
 92679 | Zot:5    | Killed an ancient lich
 94072 | Zot:5    | Got the Orb of Zot
 94312 | Depths:1 | Noticed Puop the pandemonium lord
 94404 | D:14     | Noticed Eryz the pandemonium lord
 94404 | D:14     | Noticed an ancient lich
 94434 | D:13     | Noticed Dedoipp the pandemonium lord
 94703 | D:$      | Escaped with the Orb!

Illustrated notes

Levels and vault maps discovered:
D:1:      minmay_arrival_checkered_box, layout_basic
D:2:      layout_loops_corners, serial_shops, shop, shop,
          nicolae_lakefront_shop, nicolae_shop_temple_entry_statues_fountains,
          minmay_misc_feat_iff
D:3:      layout_loops_cross, xom_redecorated, ebering_ecumenical_altar_hall,
          nrook_mini_vaults, minmay_misc_feat_nine_boxes, minmay_three_crescents
D:4:      layout_cave_pools, minmay_checkerbox
D:5:      layout_cave_pools, amethyst_killhole, minmay_shop_damaged,
          uniq_duvessa, uniq_crazy_yiuf_cottage
D:6:      layout_loops_ring, overflow_temple_1_default, slow_altar_1,
          jmf_multi_god_temple2, minmay_between
D:7:      layout_gridville, minmay_temple_entry_trees, uniq_joseph, uniq_maggie
D:8:      layout_gridville, mainiacjoe_overflow_small_starburst,
          lair_entry_dummy, minivault_27
D:9:      layout_cave_pods, general_overflow_altar
D:10:     layout_irregular_city, mainiacjoe_overflow_paths, erik_orc_3,
          nicolae_shop_firing_range
D:11:     layout_basic, gammafunk_ghost_grave, uniq_grum
D:12:     minmay_shrinking_squares, layout_rooms, uniq_kirke
D:13:     layout_rooms, nicolae_benzene_ring, hangedman_decor_opposing
D:14:     layout_rooms, skrybe_vaults_entry_preservation,
          nicolae_trove_entry_path_of_doom, dreamdust_princess_bridge
D:15:     gammafunk_depths_entry_grave, layout_loops_corners,
          minmay_misc_feat_tower
Temple:   eino_narrow_crystal_temple
Lair:1:   layout_hall_layers, gammafunk_ghost_cemetery
Lair:2:   layout_regular_city, nicolae_spider_entry_non_spiders,
          serial_bayou_lagoon_a
Lair:3:   layout_gridlike, palyth_hydra_swamp_entry, grunt_forest_stairs_basic,
          nicolae_lair_lil_pond, uniq_josephine
Lair:4:   layout_cellular_growth, nicolae_slime_entry_slimehenge,
          gammafunk_ghost_wrathful_warriors, serial_bayou_shore_a
Lair:5:   minmay_lair_end_enchanted_forest, layout_cave_pods
Swamp:1:  layout_basic_swamp, evilmike_swamp_ruin_house_1, swamp_pool1,
          nicolae_swamp_bloodsuckers_inc, uniq_louise
Swamp:2:  layout_basic_swamp, nicolae_swamp_feature_on_the_river_bank,
          infiniplex_staircase_pool
Swamp:3:  layout_basic_swamp, evilmike_swamp_ruin_house_3, swamp_pool5
Swamp:4:  byrel_swamp_growth_death_and_undeath, layout_basic_swamp
Spider:1: layout_spider_delve, uniq_roxanne
Spider:2: nicolae_spider_hilbert_zone_5 [nicolae_spider_hilbert_3_sides_1_open,
          nicolae_spider_hilbert_4_sides_1_open,
          nicolae_spider_hilbert_4_sides_1_open,
          nicolae_spider_hilbert_6_sides_1_open,
          nicolae_spider_hilbert_6_sides_1_open]
Spider:3: layout_cave_pods
Spider:4: grunt_spider_rune_island
Orc:1:    layout_caves, hellmonk_bongcloud_opening, nicolae_orc_rockfall,
          minmay_orc_temple_a
Orc:2:    st_orc_rangers, layout_diamond_mine, serial_shops,
          nicolae_shop_window_shopping, gauntlet_entry_generic,
          hellmonk_ghost_happy_afterlife, hangedman_minor_magic, uniq_rupert,
          uniq_urug
Elf:1:    elf_arrival_002, layout_geoelf_grid, orc_legates, minivault_28
Elf:2:    nicolae_elf_blades_splatter_lattice [nicolae_blade_bullseye],
          layout_onion_city, drop_trap, uniq_asterion
Elf:3:    grunt_elf_hall_asides, layout_loops_cross, abandoned_shop
Vaults:1: vaults_room_pools, hangedman_vaults_impose,
          ontoclasm_vaults_ring_square, vaults_room_stairs_pillars,
          nicolae_vaults_alarming, nicolae_vaults_little_squares_2, v_misc_3,
          layout_vaults_quadrants, serial_shops, shop
Vaults:2: v_pattern_5, nicolae_vaults_statue_guard, v_rooms_2,
          minmay_crypt_entry_simple_corners, vaults_dpeg_emergency_exit,
          nicolae_vaults_puzzle_piece, vaults_room_corners, v_misc_9,
          v_alt_pattern_2, nicolae_vaults_ring_of_whatevers,
          nicolae_vaults_little_squares_2, nicolae_vaults_specimen_jars,
          layout_vaults_omnicross, serial_shops, shop
Vaults:3: nicolae_vaults_little_ls, ontoclasm_vaults_spin,
          hangedman_vaults_snaps, hangedman_vaults_unwind,
          vaults_mumra_minichess, v_alt_pattern_5, st_cross,
          ontoclasm_vaults_pinch, ontoclasm_vaults_eye,
          nicolae_vaults_little_squares_3, nicolae_vaults_ring_of_whatevers,
          serial_ice_h, layout_vaults_chaotic_city, uniq_donald
Vaults:4: vaults_dpeg_cross, v_misc_4, ontoclasm_vaults_chip,
          nicolae_vaults_quartermaster, dpeg_vaults_monster_box,
          nicolae_vaults_little_squares_5, ontoclasm_vaults_hangar, v_misc_11,
          hangedman_vaults_river_flow, vaults_mumra_hex,
          nicolae_vaults_little_squares_4, layout_vaults_ring, uniq_mara
Vaults:5: serial_shops
Crypt:1:  layout_rooms, basic_altar
Crypt:2:  layout_basic, fountainhead, uniq_mennas, uniq_josephina
Crypt:3:  quadcrypt_mu
Depths:1: layout_honeycomb, nicolae_abyss_entry_one_way_or_another,
          minmay_stone_trees_small, hell_entry, serial_shops,
          nicolae_shop_statue_plus, nicolae_shop_overcharged_wands
Depths:2: minmay_the_grid_octo_tiled_squarecenter [minmay_the_grid_octo_clover,
          minmay_the_grid_octo_fan_narrow, minmay_the_grid_octo_tetromino_candy,
          minmay_the_grid_octo_concentric,
          minmay_the_grid_square_5x5_megaprize_crossed,
          minmay_the_grid_square_5x5_mess, minmay_the_grid_square_5x5_shrine1,
          minmay_the_grid_square_5x5_tie,
          minmay_the_grid_square_5x5_three_small], layout_twisted_cross,
          enter_ziggurat_c, hangedman_geh_valley, pan_entry,
          nicolae_twisting_strands
Depths:3: kennysheep_water_balloons, layout_gridville,
          chequers_serial_rivers_micro_c, abyss_entry, hell_entry,
          minmay_shop_grove, uniq_boris
Depths:4: grunt_runaround [grunt_runaround_doors_1, grunt_runaround_doors_2,
          grunt_runaround_doors_3, grunt_runaround_doors_4,
          grunt_runaround_zot], hell_entry, uniq_parghit
Zot:1:    layout_gridlike
Zot:2:    gammafunk_the_bubble [the_bubble_gammafunk_crates],
          layout_concentric_octagons, ebering_ghost_xom
Zot:3:    kennysheep_blocky_hall, layout_gridlike, st_small_dragon_hoard_3,
          grunt_megastairs_2
Zot:4:    layout_gridlike
Zot:5:    layout_basic, hangedman_zot_decor_unnerving_road,
          nicolae_transporter_circle

Skill      XL: |  1  2  3  4  5  6  7  8  9 10 11 12 13 14 15 16 17 18 19 20 21 22 23 24 25 26 27 |
---------------+----------------------------------------------------------------------------------+-----
Summonings     | 2 3 4 5 6 7 8 9 10 11 12 13 14 15 16 | 16.4
Invocations    | 1 2 3 4 5 6 7 8 9 10 11 12 13 14 15 16 17 18 19 20 | 20.7
Short Blades   | 1 2 3 4 5 6 7 8 9 10 11 12 13 14 15 16 17 18 19 | 19.1
Long Blades    | 1 2 3 4 5 6 7 8 9 10 11 12 13 14 15 16 17 18 19 | 19.1
Axes           | 1 2 3 4 5 6 7 8 9 10 11 12 13 14 15 16 17 18 19 | 19.1
Maces & Flails | 1 2 3 4 5 6 7 8 9 10 11 12 13 15 16 17 18 19 20 21 22 23 | 23.6
Polearms       | 1 2 3 4 5 6 7 8 9 10 11 12 13 14 15 16 17 18 19 | 19.1
Staves         | 1 2 3 4 5 6 7 8 9 10 11 12 13 14 15 16 17 18 19 | 19.1
Ranged Weapons | 1 2 3 4 5 6 7 8 9 10 11 12 13 14 15 16 17 18 19 | 19.1
Armour         | 1 2 3 4 5 6 7 8 9 10 11 12 13 14 15 16 17 18 19 | 19.1
Dodging        | 1 2 3 4 5 6 7 8 9 10 11 12 13 14 15 16 17 18 19 | 19.1
Shields        | 1 2 3 4 5 6 7 8 9 10 11 12 13 14 15 16 17 18 19 | 19.1
Unarmed Combat | 1 2 3 4 5 6 7 8 9 10 11 12 13 14 15 16 17 18 19 | 19.1
Evocations     | 1 2 3 4 5 6 7 8 9 10 11 12 13 14 15 16 17 18 19 | 19.1
Spellcasting   | 3 4 5 6 7 8 9 10 11 12 13 14 15 16 17 18 19 | 19.3
Conjurations   | 1 2 3 4 5 6 7 8 9 10 11 12 13 14 15 16 | 16.3
Hexes          | 1 2 3 4 5 6 7 8 9 10 11 12 13 14 15 16 | 16.3
Necromancy     | 1 2 3 4 5 6 7 8 9 10 11 12 13 14 15 16 | 16.3
Translocations | 1 2 3 4 5 6 7 8 9 10 11 12 13 14 15 16 | 16.3
Transmutations | 1 2 3 4 5 6 7 8 9 10 11 12 13 14 15 16 | 16.3
Fire Magic     | 1 2 3 4 5 6 7 8 9 10 11 12 13 14 15 16 | 16.3
Ice Magic      | 1 2 3 4 5 6 7 8 9 10 11 12 13 14 15 16 | 16.3
Air Magic      | 1 2 3 4 5 6 7 8 9 10 11 12 13 14 15 16 | 16.3
Earth Magic    | 1 2 3 4 5 6 7 8 9 10 11 12 13 14 15 16 | 16.3
Poison Magic   | 1 2 3 4 5 6 7 8 9 10 11 12 13 14 15 16 17 | 17.1
Fighting       | 3 4 5 6 7 8 9 10 11 12 13 14 15 16 17 18 19 | 19.3
Stealth        | 8 9 10 11 12 13 14 15 16 17 18 19 20 | 20.4
Throwing       | 7 8 9 10 11 12 13 14 15 16 17 18 19 20 | 20.0

Action                   |  1- 3 |  4- 6 |  7- 9 | 10-12 | 13-15 | 16-18 | 19-21 | 22-24 | 25-27 || total
-------------------------+-------+-------+-------+-------+-------+-------+-------+-------+-------++-------
Melee: Dagger            |    91 |   175 |   212 |   754 |    99 |       |    12 |    54 |       ||  1397
       Bite              |     2 |    19 |    34 |   134 |   254 |   295 |   354 |   357 |   659 ||  2108
       Punch             |       |     1 |     1 |       |       |       |       |       |       ||     2
       Unarmed           |       |       |       |    11 |       |       |       |       |       ||    11
       Quick blade       |       |       |       |       |  1147 |  1336 |  1554 |   985 |  2074 ||  7096
       Short sword       |       |       |       |       |       |       |       |   439 |   502 ||   941
Throw: Dart              |     4 |    12 |    42 |    54 |     1 |       |       |       |       ||   113
       Boomerang         |       |       |     3 |    12 |   152 |   214 |   190 |    29 |     4 ||   604
       Throwing net      |       |       |       |     1 |       |       |       |       |       ||     1
       Javelin           |       |       |       |       |       |       |    57 |    84 |    66 ||   207
 Cast: Summon Small Mamm |    25 |    51 |    65 |   100 |       |     6 |    11 |     4 |     6 ||   268
       Sandblast         |       |       |     2 |     2 |       |       |    23 |    55 |    56 ||   138
       Frozen Ramparts   |       |       |       |    17 |    74 |    79 |    62 |    78 |    89 ||   399
       Poisonous Vapours |       |       |       |    62 |   167 |   195 |   144 |   156 |    92 ||   816
       Ozocubu's Armour  |       |       |       |    12 |    81 |    76 |    90 |    88 |    93 ||   440
       Necrotise         |       |       |       |     2 |       |       |       |       |       ||     2
       Stone Arrow       |       |       |       |     1 |     9 |    23 |    90 |   205 |    93 ||   421
       Mephitic Cloud    |       |       |       |     1 |     2 |     3 |     7 |     3 |       ||    16
       Olgreb's Toxic Ra |       |       |       |       |       |    52 |    43 |    42 |    36 ||   173
       Summon Lightning  |       |       |       |       |       |    17 |    54 |    58 |    57 ||   186
       Sticky Flame      |       |       |       |       |       |     2 |     1 |       |       ||     3
       Manifold Assault  |       |       |       |       |       |       |     9 |     6 |       ||    15
       Summon Forest     |       |       |       |       |       |       |     2 |       |       ||     2
       Fireball          |       |       |       |       |       |       |       |    14 |    18 ||    32
       Summon Ice Beast  |       |       |       |       |       |       |       |       |     7 ||     7
       Summon Hydra      |       |       |       |       |       |       |       |       |    16 ||    16
Invok: Wall of Briars    |       |       |       |       |       |     1 |     2 |     1 |       ||     4
       Grow Oklob        |       |       |       |       |       |     1 |     2 |     1 |     5 ||     9
       Overgrow          |       |       |       |       |       |     1 |       |       |       ||     1
       Grow Ballistomyce |       |       |       |       |       |       |       |       |     1 ||     1
Evoke: Wand              |       |     2 |    12 |    10 |     1 |     4 |     5 |     1 |     3 ||    38
       Lightning rod     |       |       |       |     3 |       |       |     8 |       |     2 ||    13
       Tin of tremorston |       |       |       |       |       |       |     5 |     1 |     2 ||     8
       Condenser vane    |       |       |       |       |       |       |     1 |       |       ||     1
       Phantom mirror    |       |       |       |       |       |       |       |       |     1 ||     1
  Use: Scroll            |       |     7 |     7 |    15 |     5 |     8 |     8 |    18 |    13 ||    81
       Potion            |       |     4 |     2 |     1 |       |     1 |     6 |     5 |    15 ||    34
 Stab: Sleeping          |    12 |     3 |     8 |    19 |    29 |    24 |    30 |    56 |    24 ||   205
       Distracted        |       |     2 |     7 |    15 |     4 |     2 |    20 |    37 |    49 ||   136
       Invisible         |       |       |     1 |       |       |     2 |       |       |       ||     3
       Confused          |       |       |       |     1 |       |     2 |     7 |       |       ||    10
       Petrified         |       |       |       |       |     3 |       |       |       |       ||     3
Armor: Robe              |    24 |    82 |    65 |   159 |   135 |    94 |    19 |    40 |       ||   618
       Skin              |       |       |     5 |       |       |       |       |       |       ||     5
       Leather armour    |       |       |       |       |       |    75 |   188 |    68 |       ||   331
       Troll leather arm |       |       |       |       |       |       |       |    86 |   310 ||   396
Dodge: Dodged            |    52 |   118 |   114 |   469 |   560 |   508 |   453 |   708 |  1075 ||  4057
Block: Buckler           |       |       |    52 |   295 |   305 |   359 |       |       |       ||  1011
       Kite shield       |       |       |       |       |       |    43 |   563 |   861 |  1211 ||  2678
       Reflection        |       |       |       |       |       |       |    20 |    49 |    35 ||   104

Table legend: (Time is in decaauts)
 A = Elapsed time spent in this place.
 B = Non-inter-level travel time spent in this place.
 C = Inter-level travel time spent in this place.
 D = Time resting spent in this place.
 E = Time spent auto-exploring this place.
 F = Levels seen in this place.
 G = Mean time per level.
                   A        B        C        D        E       F      G
               +--------+--------+--------+--------+--------+-----+--------+
         Total |  89719 |  76940 |  12779 |  18931 |  32469 |  52 | 1725.4 |
       Dungeon |  24589 |  18202 |   6387 |   3199 |   8699 |  15 | 1639.3 |
        Temple |    211 |    148 |     63 |      0 |    137 |   1 |  211.0 |
          Lair |   7466 |   6794 |    672 |    753 |   4489 |   5 | 1493.2 |
         Swamp |   4594 |   4391 |    203 |   1274 |   2194 |   4 | 1148.5 |
   Spider Nest |   5884 |   5456 |    428 |   1966 |   1683 |   4 | 1471.0 |
  Orcish Mines |   3659 |   2930 |    729 |    821 |    909 |   2 | 1829.5 |
   Elven Halls |   6389 |   5792 |    597 |   1285 |   2741 |   3 | 2129.7 |
        Vaults |  12980 |  12152 |    828 |   3606 |   4923 |   5 | 2596.0 |
         Crypt |   4551 |   4268 |    283 |   1167 |   1187 |   3 | 1517.0 |
        Depths |   9303 |   7821 |   1482 |   2479 |   3040 |   4 | 2325.8 |
           Zot |   9317 |   8215 |   1102 |   2182 |   2145 |   5 | 1863.4 |
      Gauntlet |    770 |    770 |      0 |    194 |    321 |   1 |  770.0 |
               +--------+--------+--------+--------+--------+-----+--------+

Top non-repeatable levels by time:
Vaults:3: 3301 daAuts
    D:11: 3042 daAuts
   Zot:5: 2991 daAuts
 Crypt:3: 2686 daAuts
Depths:4: 2623 daAuts
Vaults:2: 2613 daAuts
Depths:2: 2569 daAuts
Vaults:4: 2556 daAuts
   Orc:2: 2348 daAuts
Spider:4: 2343 daAuts
    D:15: 2300 daAuts
Vaults:1: 2266 daAuts
   Elf:3: 2262 daAuts
  Lair:5: 2258 daAuts
Vaults:5: 2242 daAuts
